 Dungeon Sprint DCSS version 0.22-a0-542-gce4f928 (webtiles) character file.

209 raistware the Carver (level 9, -15/89 HPs)
             Began as a Minotaur Fighter on June 24, 2018.
             Was an Initiate of Gozag.
             Killed from afar by a thorn hunter (32 damage)
             ... with a volley of thorns
             ... in the Dungeon (Sprint VI: "Thunderdome").
             The game lasted 00:08:53 (774 turns).

raistware the Carver (Minotaur Fighter)              Turns: 774, Time: 00:08:55

Health: -15/89     AC: 10    Str: 23    XL:     9   Next: 59%
Magic:  8/8        EV: 16    Int:  5    God:    Gozag
Gold:   391        SH: 13    Dex: 11    Spells: 8/8 levels left

rFire    . . .     SeeInvis .   g - +8 demon blade (protect)
rCold    . . .     Gourm    .   c - +0 shield
rNeg     . . .     Faith    .   b - +0 scale mail
rPois    .         Spirit   .   (helmet restricted)
rElec    +         Reflect  .   j - +0 cloak
rCorr    .         Harm     .   (no gloves)
MR       +....     NoTele   +   (no boots)
Stlth    ..........             (no amulet)
HPRegen  0.24/turn              r - ring "Haissaa" {rElec MR+ EV+2}
MPRegen  0.11/turn              (no ring)

@: gold aura
A: retaliatory headbutt, horns 2
a: Potion Petition, Call Merchant, Bribe Branch, Renounce Religion


You were in the Dungeon.
You worshipped Gozag.
Gozag was aware of your devotion.
You were not hungry.

You visited 1 branch You collected 2471 gold pieces.
You spent 2080 gold pieces at shops.

Inventory:

Hand Weapons
 g - a +8 demon blade of protection (weapon)
Armour
 b - a +0 scale mail (worn)
 c - a +0 shield (worn)
 j - a +0 cloak (worn)
Jewellery
 r - the ring "Haissaa" (left hand) {rElec MR+ EV+2}
   (You bought it in a shop in the Dungeon)

   [ring of evasion]

   It affects your evasion (+2).
   It insulates you from electricity.
   It affects your resistance to hostile enchantments.
Wands
 l - a wand of acid (5)
 m - a wand of iceblast (5)
Scrolls
 k - 4 scrolls of blinking
 n - 3 scrolls of fog
Potions
 d - a potion of might
 h - a potion of haste
 i - 2 potions of magic
 o - a potion of resistance
Comestibles
 f - a ration


   Skills:
 - Level 11.1 Fighting
 - Level 14.1 Long Blades
 + Level 11.9 Armour
 + Level 10.5 Dodging
 + Level 11.9 Shields


You had 8 spell levels left.
You didn't know any spells.
Your spell library was empty.

Dungeon Overview and Level Annotations

Branches:
Dungeon (1/1)

Altars:
Cheibriados
Dithmenos
Fedhas
Gozag
Kikubaaqudgha
Makhleb
Okawaru
Qazlal
Ru
Sif Muna
Trog
Uskayaw
Vehumet
Wu Jian
Xom
Yredelemnul
Zin
The Shining One
Beogh
Jiyva
Lugonu

Shops:
D *[%??*?*:[((!!!!

Annotations:
D Lernaean hydra


Innate Abilities, Weirdness & Mutations

You reflexively headbutt those who attack you in melee.
You have a pair of horns on your head.


Message History

The alligator tail-slaps you but does no damage.
The alligator is distracted by your gold.
An insubstantial wisp and a thorn hunter come into view.
The insubstantial wisp gives a chilling moan.
The insubstantial wisp is distracted by your gold.
The alligator bites you! You block the alligator's attack.
The insubstantial wisp is no longer distracted by gold.
The alligator bites you!!
* * * LOW HITPOINT WARNING * * *
The alligator barely misses you.
The alligator misses you. x2; You block the alligator's attack. x2
The alligator bites you.
* * * LOW HITPOINT WARNING * * *
You block the alligator's attack.
Things that are here:
a giant spiked club; a dire flail The thorn hunter fires a volley of thorns at you.
The volley of thorns hits you!
You die...
Your body crumbles into a pile of gold.

###∩..).....8.# #.8........∩###
#..=..........###.....).......##
⌠..........###...###..........⌠#
⌠.......)..# #.<.# #..........⌠#
⌠..........###..D###..........⌠#
#.......).v...###.............##
###∩...[[...8.# #.8........∩###
##∩___......###.)....__.∩##
######.8..Dt)@...8.######
#⌠....f......⌠# ###.........###
#_......._# #_........#
#_......._# #∩......)∩#
##∩.....∩## ##.....##


You could see the 27-headed Lernaean hydra, a thorn hunter and an alligator.

Vanquished Creatures
  2 two-headed ogres (D)
  3 guardian mummies (D)
  A swamp drake (D)
  4 ogres (D)
  A gnoll sergeant (D)
  2 killer bees (D)
  2 gnoll shamans (D)
  A hound (D)
  Crazy Yiuf (D)
  3 worker ants (D)
  3 mummies (D)
  A gnoll (D)
24 creatures vanquished.

Notes
Turn   | Place    | Note
-------+----------+-------------------------------------------
     0 | D        | raistware the Minotaur Fighter began the quest for the Orb.
     0 | D        | Reached XP level 1. HP: 19/19 MP: 0/0
     1 | D        | Found a sacrificial altar of Ru.
     2 | D        | Found a roughly hewn altar of Beogh.
     2 | D        | Found a glowing golden altar of the Shining One.
     3 | D        | Found a basalt altar of Yredelemnul.
     3 | D        | Found a deep blue altar of Sif Muna.
     4 | D        | Found an opulent altar of Gozag.
     5 | D        | Found Jomurioxi's Distillery.
     5 | D        | Found an ornate altar of the Wu Jian Council.
     5 | D        | Found a shadowy altar of Dithmenos.
     5 | D        | Found Xaomn's Do-It-Yourself Clinic.
     5 | D        | Round 1.
     6 | D        | Found Obla's Distillery.
     6 | D        | Found Heeten's Bottled Wisdom.
    12 | D        | Became a worshipper of Gozag Ym Sagoz the Greedy
    17 | D        | Found a radiant altar of Vehumet.
    19 | D        | Found a bloodstained altar of Trog.
    20 | D        | Found Kemme's Weapon Rack.
    21 | D        | Found a stormy altar of Qazlal.
    21 | D        | Found a hide-covered altar of Uskayaw.
    21 | D        | Found a blossoming altar of Fedhas.
    21 | D        | Found Wuci's Premium Goods.
    21 | D        | Found Rysy's Basic Armour.
    21 | D        | Found Boumepn's Miscellaneous Merchandise.
    25 | D        | Found a viscous altar of Jiyva.
    26 | D        | Found a shimmering altar of Xom.
    26 | D        | Noticed a worker ant
    27 | D        | Found an ancient bone altar of Kikubaaqudgha.
    28 | D        | Found Emeufoupp's Identification Station.
    36 | D        | Killed a worker ant
    36 | D        | Reached skill level 7 in Long Blades
    36 | D        | Reached XP level 2. HP: 25/26 MP: 1/1
    37 | D        | Found a glowing silver altar of Zin.
    37 | D        | Found a snail-covered altar of Cheibriados.
    37 | D        | Found a corrupted altar of Lugonu.
    37 | D        | Found Pezoehos's Delicious Food.
    39 | D        | Found Oxtot's Advanced Armour.
    39 | D        | Found Leadghim's Jewellery.
    42 | D        | Found an iron altar of Okawaru.
    43 | D        | Found a burning altar of Makhleb.
    45 | D        | Found Uteon's Magic Scroll Shop.
    46 | D        | Found Hucapluxe's Magic Scroll Shop.
    46 | D        | Found Puicwe's Must-Have Magic.
    47 | D        | Found Pits's Staff Store.
    63 | D        | Reached skill level 8 in Long Blades
    63 | D        | Reached XP level 3. HP: 20/31 MP: 2/2
    74 | D        | Bought 3 scrolls of identify for 150 gold pieces
    81 | D        | Bought a scorched golden amulet for 45 gold pieces
    81 | D        | Bought a crude granite ring for 45 gold pieces
    81 | D        | Bought a flickering brass ring for 45 gold pieces
    81 | D        | Identified the amulet of Entrepreneurial Spirit {Spirit rF- Int+4} (You bought it in a shop in the Dungeon)
    82 | D        | Identified the ring "Haissaa" {rElec MR+ EV+2} (You bought it in a shop in the Dungeon)
    83 | D        | Identified the ring "Luroogh" {Wiz +Blink rC- Int+2 Dex+4} (You bought it in a shop in the Dungeon)
   104 | D        | Noticed a killer bee
   115 | D        | Killed a killer bee
   115 | D        | Reached skill level 9 in Long Blades
   115 | D        | Reached XP level 4. HP: 11/39 MP: 3/3
   155 | D        | Reached skill level 10 in Long Blades
   155 | D        | Reached skill level 5 in Armour
   155 | D        | Reached skill level 5 in Shields
   171 | D        | Reached XP level 5. HP: 45/45 MP: 4/4
   176 | D        | Noticed a soldier ant
   182 | D        | Arena points: 6 (+6) [x1]
   203 | D        | Round 2.
   207 | D        | Bought a faintly glowing emerald amulet for 45 gold pieces
   207 | D        | Identified the amulet "Mowkoyck" {Faith Stlth+} (You bought it in a shop in the Dungeon)
   214 | D        | Noticed Crazy Yiuf
   218 | D        | Reached skill level 11 in Long Blades
   229 | D        | Killed Crazy Yiuf
   229 | D        | Reached XP level 6. HP: 20/51 MP: 5/5
   231 | D        | Reached skill level 5 in Dodging
   238 | D        | Arena points: 34 (+28) [x2]
   238 | D        | Reached skill level 12 in Long Blades
   274 | D        | Bought a potion of experience for 300 gold pieces
   274 | D        | Reached XP level 7. HP: 23/74 MP: 6/6
   290 | D        | Round 3.
   291 | D        | Noticed a guardian mummy
   341 | D        | Noticed a guardian mummy
   356 | D        | Killed a guardian mummy
   363 | D        | Killed a guardian mummy
   363 | D        | Reached skill level 13 in Long Blades
   363 | D        | Reached XP level 8. HP: 40/82 MP: 7/7
   390 | D        | Bought a scroll of brand weapon for 200 gold pieces
   453 | D        | Noticed a guardian mummy
   460 | D        | Killed a guardian mummy
   460 | D        | Arena points: 97 (+63) [x3]
   471 | D        | Bought a +0 demon blade for 450 gold pieces
   513 | D        | Round 4.
   572 | D        | Reached skill level 14 in Long Blades
   579 | D        | Noticed a two-headed ogre
   590 | D        | Killed a two-headed ogre
   590 | D        | Reached skill level 10 in Armour
   590 | D        | Reached skill level 10 in Shields
   590 | D        | Reached XP level 9. HP: 85/89 MP: 8/8
   635 | D        | Noticed a two-headed ogre
   653 | D        | Killed a two-headed ogre
   653 | D        | Arena points: 209 (+112) [x4]
   653 | D        | Reached skill level 10 in Dodging
   675 | D        | Bought 8 scrolls of enchant weapon for 600 gold pieces
   684 | D        | Bought a scroll of brand weapon for 200 gold pieces
   715 | D        | Round 5.
   758 | D        | Noticed an alligator
   759 | D        | Noticed the 27-headed Lernaean hydra
   768 | D        | Noticed a thorn hunter
   774 | D        | Killed from afar by a thorn hunter

Vault maps used:
D:        arena_sprint

Skill      XL: |  1  2  3  4  5  6  7  8  9 |
---------------+----------------------------+-----
Long Blades    | 7 8 9 10 11 12 13 14 | 14.1
Armour         | 4 5 6 7 8 10 11 | 11.9
Dodging        | 2 3 4 5 6 9 10 | 10.5
Shields        | 4 5 6 7 8 10 11 | 11.9
Fighting       | 11 | 11.1

Action                   |  1- 3 |  4- 6 |  7- 9 || total
-------------------------+-------+-------+-------++-------
Melee: Long sword        |    23 |    46 |    46 ||   115
       Headbutt          |     5 |    10 |    18 ||    33
       Demon blade       |       |       |    30 ||    30
Invok: Potion Petition   |       |     1 |       ||     1
  Use: Scroll            |     3 |       |    10 ||    13
       Potion            |       |     6 |     5 ||    11
Armor: Scale mail        |     7 |    13 |     4 ||    24
Dodge: Dodged            |     7 |    21 |    15 ||    43
Block: Shield            |    16 |    29 |    20 ||    65
       Rpst.: Long sword |     2 |     9 |     2 ||    13
       Demon blade       |       |       |     2 ||     2

Table legend:
 A = Spawn XP
 B = Non-spawn XP
 C = Spawn XP percentage of total XP
 D = Spawn monster count
 E = Non-spawn monster count
 F = Spawn count percentage of total count
 G = Total turns spent on level
                    A         B        C        D         E        F      G
               +---------+---------+-------+---------+---------+-------+---------
         Total |       0 |    3964 |   0.0 |       0 |      24 |   0.0 |   774
               +---------+---------+-------+---------+---------+-------+---------
             D |       0 |    3964 |   0.0 |       0 |      24 |   0.0 |   774
               +---------+---------+-------+---------+---------+-------+---------
